 Dungeon Crawl Stone Soup version 0.24-a0-778-g74da537585 (webtiles) character file.

Game seed: 8522347527732695421, levelgen mode: deterministic

192713 Johnny the Metallomancer (level 17, 0/111 HPs)
             Began as a Demigod Earth Elementalist on Oct 7, 2019.
             Shot with an arrow by a deep elf archer (20 damage)
             ... on level 3 of the Elven Halls.
             The game lasted 01:07:25 (35880 turns).

Johnny the Metallomancer (DgEE)                    Turns: 35880, Time: 01:07:25

Health: 0/111      AC: 11    Str:  6    XL:     17   Next: 42%
Magic:  20/46      EV: 19    Int: 37    God:
Gold:   64         SH:  0    Dex: 16    Spells: 16/38 levels left

rFire    . . .     SeeInvis .   J - staff of energy
rCold    + . .     Gourm    .   (no shield)
rNeg     . . .     Faith    .   B - +1 leather armour of the Scribe {rElec rC+ Int+4}
rPois    .         Spirit   .   a - +1 helmet
rElec    +         Reflect  .   P - +0 cloak of Exclusion {Regen+ Str-5 Int+4}
rCorr    .         Harm     +   L - +0 pair of gloves
MR       +++..                  X - +2 pair of boots
Stlth    ++........             V - amulet "Kausoq" {Harm *Drain MR++ Slay-2}
HPRegen  0.68/turn              U - ring of wizardry
MPRegen  0.30/turn              G - ring of magical power

@: studying Armour
A: high mp 1
a: no special abilities


You were on level 3 of the Elven Halls.
You were not hungry.

You visited 4 branches of the dungeon, and saw 26 of its levels.
You visited 1 bazaar.
You also visited: Desolation.

You collected 3778 gold pieces.
You spent 3714 gold pieces at shops.

Inventory:

Hand Weapons
 F - the +8 arbalest "Julonaqo" {penet, rElec rPois rC+}
   (You found it in the Desolation of Salt)

   Ammo fired by it will pass through the targets it hits, potentially hitting
   all targets in its path until it reaches maximum range.
   It protects you from cold.
   It insulates you from electricity.
   It protects you from poison.
Missiles
 y - 94 stones (quivered)
Armour
 a - a +1 helmet (worn)
 B - the +1 leather armour of the Scribe (worn) {rElec rC+ Int+4}
   (You bought it in a shop on level 10 of the Dungeon)

   It affects your intelligence (+4).
   It protects you from cold.
   It insulates you from electricity.
 L - a +0 pair of gloves (worn)
 P - the +0 cloak of Exclusion (worn) {Regen+ Str-5 Int+4}
   (You found it on level 12 of the Dungeon)

   It affects your strength (-5).
   It affects your intelligence (+4).
   It increases your rate of regeneration.
 X - a +2 pair of boots (worn)
Magical Staves
 s - an uncursed staff of wizardry
 A - an uncursed staff of cold
 H - an uncursed staff of poison {unknown}
 J - an uncursed staff of energy (weapon)
 W - an uncursed staff of earth
Jewellery
 c - an uncursed ring of protection from cold
 e - an uncursed ring of flight
 k - an uncursed ring of protection from fire
 r - an uncursed ring of see invisible
 G - a ring of magical power (right hand)
 K - a +5 ring of intelligence
 M - the amulet "Juleesh" {Faith rPois rF+ rC- rN+}
   (You took it off an ironbrand convoker in the Desolation of Salt)

   [amulet of faith]

   It allows you to gain divine favour quickly.
   It protects you from fire.
   It makes you vulnerable to cold.
   It protects you from poison.
   It protects you from negative energy.
 U - a ring of wizardry (left hand)
 V - the amulet "Kausoq" (around neck) {Harm *Drain MR++ Slay-2}
   (You found it on level 11 of the Dungeon)

   [amulet of harm]

   It increases damage dealt and taken.
   It affects your accuracy and damage with ranged weapons and melee attacks
   (-2).
   It affects your resistance to hostile enchantments.
   It causes draining when unequipped.
 Z - an uncursed ring of protection from magic
Wands
 f - a wand of flame (7)
 i - a wand of digging (16)
 n - a wand of polymorph (19)
 p - a wand of random effects (31)
Scrolls
 g - 4 scrolls of enchant armour
 h - a scroll of blinking
 j - 5 scrolls of magic mapping
 l - 2 scrolls of fog
 m - 14 scrolls of teleportation
 o - 7 scrolls of remove curse
 R - a scroll of holy word
 T - 5 scrolls of immolation
 Y - 3 scrolls of fear
Potions
 b - 2 potions of might
 q - 2 potions of haste
 t - a potion of resistance
 u - a potion of brilliance
 w - 2 potions of mutation
 x - 8 potions of curing
 z - 4 potions of lignification
 C - 9 potions of heal wounds
 D - 4 potions of flight
 E - a potion of berserk rage
 I - 3 potions of agility
 S - 2 potions of cancellation
Books
 N - a manual of Armour
Comestibles
 d - 27 rations


   Skills:
 + Level 2.9 Armour
 - Level 11.4 Dodging
 - Level 1.7 Stealth
 - Level 11.1 Spellcasting
 - Level 0.8 Transmutations
 * Level 23.4 Earth Magic


You had 16 spell levels left.
You knew the following spells:

 Your Spells              Type           Power        Failure   Level  Hunger
a - Sandblast             Erth           ######       0%          1    None
b - Stone Arrow           Conj/Erth      ######       1%          3    None
c - Lee's Rapid Deconstr  Erth           ########..   0%          5    None
d - Petrify               Tmut/Erth      #######.     1%          4    None
e - Shatter               Erth           ########..   9%          9    None

Your spell library contained the following spells:

 Spells                   Type           Power        Failure   Level  Hunger
 Confusing Touch          Hex            ###...       1%          1    None
 Flame Tongue             Conj/Fire      ###..        1%          1    None
 Freeze                   Ice            ###.         1%          1    None
 Shock                    Conj/Air       ###.         1%          1    None
 Call Imp                 Summ           ###.....     1%          2    None
 Ensorcelled Hibernation  Hex/Ice        ###...       1%          2    None
 Passwall                 Tmut/Erth      #######.     1%          2    None
 Swiftness                Chrm/Air       ###.....     1%          2    None
 Throw Flame              Conj/Fire      ###...       1%          2    None
 Throw Frost              Conj/Ice       ###...       1%          2    None
 Leda's Liquefaction      Hex/Erth       #######...   1%          4    None
 Bolt of Magma            Conj/Fire/Erth ######....   1%          5    None
 Iron Shot                Conj/Erth      #######...   1%          6    None
 Statue Form              Tmut/Erth      #######..    1%          6    None
 Confuse                  Hex            ###.....     3%          3    None
 Conjure Flame            Conj/Fire      ###.....     3%          3    None
 Inner Flame              Hex/Fire       ###.....     3%          3    None
 Ozocubu's Armour         Chrm/Ice       ###.....     3%          3    None
 Recall                   Summ/Tloc      N/A          3%          3    None
 Spider Form              Tmut/Pois      ###.......   3%          3    None
 Static Discharge         Conj/Air       ###.....     3%          3    None
 Summon Guardian Golem    Hex/Summ       ###.....     3%          3    None
 Airstrike                Air            ###.......   12%         4    None
 Cause Fear               Hex            ###.......   12%         4    None
 Passage of Golubria      Tloc           N/A          12%         4    None
 Sticky Flame             Conj/Fire      ###.....     12%         4    None
 Summon Ice Beast         Ice/Summ       ###.....     12%         4    None
 Summon Lightning Spire   Summ/Air       ###.....     12%         4    None
 Throw Icicle             Conj/Ice       ###.....     12%         4    None
 Yara's Violent Unravell  Hex/Tmut       ###.......   26%         5    None
 Aura of Abjuration       Summ           ###.......   32%         5    None
 Fireball                 Conj/Fire      ###.......   32%         5    None
 Iskenderun's Battlesphe  Conj/Chrm      ###.....     32%         5    None
 Lightning Bolt           Conj/Air       ###.......   32%         5    None
 Silence                  Hex/Air        ###.......   32%         5    None
 Summon Demon             Summ           ###.......   32%         5    None
 Summon Forest            Summ/Tloc      ###.......   32%         5    None
 Summon Mana Viper        Hex/Summ       ###.....     32%         5    None
 Venom Bolt               Conj/Pois      ###.......   32%         5    None
 Bolt of Fire             Conj/Fire      ###.......   85%         6    None
 Conjure Ball Lightning   Conj/Air       ###.......   85%         6    None
 Darkness                 Hex            ###.......   85%         6    None
 Deflect Missiles         Chrm/Air       ###.......   85%         6    None
 Invisibility             Hex            ###.....     85%         6    None
 Shadow Creatures         Summ           N/A          85%         6    None
 Orb of Destruction       Conj           ###.......   100%        7    None
 Spellforged Servitor     Conj/Summ      ###.......   100%        7    None
 Ignition                 Fire           ###.......   100%        8    None
 Tornado                  Air            ###.......   100%        9    None


Dungeon Overview and Level Annotations

Branches:
Dungeon (15/15)            Temple (0/1) D:7            Lair (6/6) D:10
  Swamp (0/4) Lair:3        Snake (0/4) Lair:2        Slime (0/5) Lair:6
    Orc (2/2) D:10            Elf (3/3) Orc:2        Vaults (0/5) D:13
 Depths (0/5) D:15        Desolation (visited)

Shops:
D:10 [%**   Orc:2 !:(*(   Elf:1 ?   Elf:2 ?

Annotations:
Elf:2 3 runed translucent doors


Innate Abilities, Weirdness & Mutations

You have an increased reservoir of magic. (+10% MP)


Message History

You are no longer poisoned.
The deep elf archer shoots an arrow.
The arrow hits you!!
* * * LOW HITPOINT WARNING * * *
You feel better.
You feel less invigorated.
The deep elf archer shoots an arrow.
The arrow hits you!!
* * * LOW HITPOINT WARNING * * *
Unknown command.
Unknown command.
Casting: Sandblast (safe; 0% risk of failure)
Confirm with . or Enter, or press ? or * to list all spells.
Aiming: Lee's Rapid Deconstruction (safe; 0% risk of failure)
Press: ? - help, Dir - move target cursor, f - ice beast, p - deep elf archer Fragment what (e.g. wall or brittle monster)?: an ice beast (summoned)
The ice beast shatters!!!
You blow up the ice beast!
The icy blast hits the deep elf archer!!
The deep elf archer is severely wounded.
You hear a shout!
The deep elf archer shoots an arrow.
The arrow hits you!
You die...

#.#........# *,*,***,,**,***
...........# *,,,,,,,,**,***
...........########**,,,,,***,,,,
..................# *,,...* *****
...............##.####,..#* **,
...............#..}..#..#,** **,,
...........#####.....#.#**,***,,,
....#.....e#####.._...#* **,*,,,,
....+.........e.@.(.(#* **,,,,,
....####...#####..)..# **,,,,
(..## ##.########(.)#* **,*,,,
..## #.........####.#* **,***,,
.## #..######.# *#.#**,** **,
########.....# #.# *#.#,** **
#........###.# #.# *#(#*******
#.######.# #.# #.# *,..),,,,,*
#.# #.###.###.# *,,..#,,,,*


You could see a deep elf archer and a deep elf mage.

Vanquished Creatures
  Saint Roka (Elf:2)
  Roxanne (Elf:1)
  An imperial myrmidon (Desolation)
  An orc warlord (Orc:1)
  A deep elf sorcerer (Elf:2)
  A deep elf demonologist (Elf:3)
  2 halazid warlocks (Desolation)
  2 crystal guardians (Desolation)
  8 ragged hierophants (Desolation)
  A yaktaur captain (D:15)
  12 servants of whispers (Desolation)
  8 peacekeepers
  4 vault guards (D:13)
  6 hydras
  6 ogre magi
  5 centaur warriors
  A catoblepas (Lair:5)
  A merfolk avatar (Lair:6)
  3 death yaks (D:10)
  3 death knights
  27 two-headed ogres
  25 dancing weapons
  3 orc high priests
  14 deep elf knights
  2 sea snakes (Lair:6)
  3 unseen horrors
  3 ironbrand convokers (Desolation)
  A deep troll (Orc:2)
  5 orc knights (Orc:2)
  7 deep elf archers
  5 oklob plants
  9 ugly things
  46 deep elf magi
  3 orc sorcerers
  4 manticores
  5 cyclopes
  9 elephants (Lair:6)
  2 guardian serpents (Desolation)
  4 black mambas
  4 centaur skeletons
  4 centaur zombies
  7 rime drakes
  3 gargoyles
  17 spiny frogs
  A yaktaur (shapeshifter) (D:13)
  A yaktaur (D:15)
  14 komodo dragons
  A meliai (D:11)
  A queen bee (D:11)
  4 trolls
  A tengu conjurer (D:15)
  2 polar bears
  A wind drake (Lair:6)
  4 hornets (Lair:6)
  A bog body (Lair:3)
  Grinder (D:5)
  61 saltlings (Desolation)
  8 blink frogs
  11 hippogriffs
  A spriggan (D:9)
  A shadow (D:15)
  7 air elementals
  6 wyverns
  2 fire elementals (Elf:1)
  A wraith (D:12)
  A water elemental (Elf:3)
  A human (shapeshifter) (D:15)
  60 yaks
  2 basilisks
  3 vampire mosquitoes (D:12)
  3 hungry ghosts
  7 wargs
  6 nagas (Lair:2)
  3 swamp worms (Lair:3)
  A soldier ant (D:12)
  12 water moccasins
  5 porcupines
  Duvessa (D:5)
  A hornet zombie (D:11)
  5 sky beasts
  23 orc warriors
  35 ogres
  A phantom (D:6)
  5 boggarts
  19 wolves
  15 centaurs
  17 crocodiles
  2 big kobolds
  19 bullfrogs
  An earth elemental (Elf:3)
  Dowan (D:5)
  A wyvern zombie (D:13)
  2 wyvern skeletons
  2 scorpions
  30 killer bees
  15 wights
  3 electric eels
  A howler monkey (shapeshifter) (Elf:1)
  A howler monkey (D:6)
  10 crimson imps
  A bullfrog zombie (D:4)
  19 jellies
  4 hounds
  11 orc priests
  A bullfrog skeleton (D:5)
  24 orc wizards
  3 iguanas
  14 worker ants
  A killer bee zombie (D:8)
  2 hound zombies
  A hound skeleton (D:6)
  A worker ant zombie (D:8)
  A howler monkey zombie (D:5)
  3 gnolls (D:4)
  13 adders
  7 shadow imps
  10 oozes (Lair:2)
  An adder skeleton (D:5)
  An adder zombie (D:5)
  2 worms
  3 dart slugs
  4 leopard geckos
  81 orcs
  8 giant cockroaches
  7 goblins
  8 hobgoblins
  12 jackals
  13 kobolds
  8 quokkas
  4 ball pythons
  9 bats
  A jackal skeleton (D:8)
  A leopard gecko skeleton (D:6)
  A leopard gecko zombie (D:5)
  A quokka zombie (D:6)
  9 rats
  4 fungi (Lair:2)
  2 plants (Lair:6)
1020 creatures vanquished.

Vanquished Creatures (others)
  Nikola (Elf:1)
  A quokka (D:9)
  2 bushes (Lair:6)
  7 fungi
  18 plants (Lair:6)
29 creatures vanquished.

Grand Total: 1049 creatures vanquished

Notes
Turn   | Place    | Note
-------+----------+-------------------------------------------
     0 | D:1      | Johnny the Demigod Earth Elementalist began the quest for
                  | the Orb.
     0 | D:1      | Reached XP level 1. HP: 14/14 MP: 5/5
   290 | D:1      | Reached skill level 3 in Earth Magic
   399 | D:1      | Reached XP level 2. HP: 17/20 MP: 7/7
  1112 | D:2      | HP: 1/20 [adder (4)]
  1252 | D:2      | Reached XP level 3. HP: 21/26 MP: 8/8
  1287 | D:2      | Found a blossoming altar of Fedhas.
  1287 | D:2      | Found an ancient bone altar of Kikubaaqudgha.
  1941 | D:2      | Found an iron altar of Okawaru.
  2138 | D:3      | Reached XP level 4. HP: 22/33 MP: 0/10
  2278 | D:3      | Reached skill level 4 in Earth Magic
  2446 | D:3      | Found a stormy altar of Qazlal.
  3192 | D:3      | Reached XP level 5. HP: 38/38 MP: 12/12
  4001 | D:4      | Reached skill level 5 in Earth Magic
  4001 | D:4      | Reached XP level 6. HP: 41/45 MP: 13/13
  4537 | D:5      | Entered Level 5 of the Dungeon
  4690 | D:5      | Noticed a water moccasin
  4699 | D:5      | Killed a water moccasin
  4783 | D:5      | Noticed Duvessa
  4908 | D:5      | Killed Duvessa
  5087 | D:5      | Reached XP level 7. HP: 39/50 MP: 8/15
  5202 | D:5      | HP: 1/50 [centaur/+0 rapier (8)]
  5203 | D:5      | Reached skill level 6 in Earth Magic
  5203 | D:5      | Noticed Dowan
  5831 | D:5      | Noticed Grinder
  5850 | D:5      | Killed Grinder
  5975 | D:5      | Reached skill level 7 in Earth Magic
  5975 | D:5      | Reached XP level 8. HP: 42/57 MP: 12/18
  5979 | D:5      | Killed Dowan
  6486 | D:6      | Noticed Sigmund
  6489 | D:6      | Noticed Sigmund
  6489 | D:6      | Sigmund changed into Sigmund the jelly
  6492 | D:6      | Killed Sigmund the jelly
  6492 | D:6      | Reached skill level 5 in Dodging
  7029 | D:6      | Learned a level 3 spell: Stone Arrow
  7035 | D:6      | Learned a level 5 spell: Lee's Rapid Deconstruction
  7040 | D:6      | Learned a level 4 spell: Petrify
  7724 | D:7      | Found a staircase to the Ecumenical Temple.
  7804 | D:7      | Reached skill level 5 in Spellcasting
  7989 | D:7      | Reached skill level 8 in Earth Magic
  8617 | D:7      | Found Zin's Purification Station.
  8620 | D:7      | Found a glowing silver altar of Zin.
  8625 | D:7      | Bought a potion of curing for 90 gold pieces
  9016 | D:8      | Reached XP level 9. HP: 61/62 MP: 10/20
  9233 | D:8      | Noticed a two-headed ogre
  9237 | D:8      | Killed a two-headed ogre
  9237 | D:8      | Reached skill level 9 in Earth Magic
  9340 | D:8      | You fall into a shaft and drop 3 floors!
  9450 | D:10     | Entered Level 10 of the Dungeon
  9763 | D:9      | Found a white marble altar of Elyvilon.
 10193 | D:9      | Got a twisted whip
 10233 | D:9      | Identified the +1 whip "Wuocwis" {pain, +Inv} (You found it
                  | on level 9 of the Dungeon)
 10302 | D:9      | Got a spiked plate armour
 10638 | D:9      | Found a radiant altar of Vehumet.
 10638 | D:9      | Found a burning altar of Makhleb.
 10657 | D:9      | Reached skill level 10 in Earth Magic
 10882 | D:10     | Found a staircase to the Lair.
 10882 | D:10     | Noticed a death yak
 10882 | D:10     | Noticed a death yak
 11030 | D:10     | Noticed a death yak
 11032 | D:10     | Killed a death yak
 11032 | D:10     | Reached XP level 10. HP: 33/69 MP: 24/24
 11198 | D:11     | You fall into a shaft and drop 3 floors!
 11201 | D:14     | Noticed a cyclops
 11205 | D:14     | Killed a cyclops
 11332 | D:14     | Noticed an unseen horror
 11338 | D:14     | Killed an unseen horror
 11468 | D:13     | Reached skill level 11 in Earth Magic
 11758 | D:13     | Noticed a death knight
 11767 | D:13     | Killed a death knight
 12088 | D:13     | Noticed a white ugly thing
 12172 | D:13     | Noticed a vault guard
 12184 | D:13     | Identified the cursed +1 plate armour of Polish {Int+5}
                  | (You found it on level 9 of the Dungeon)
 12185 | D:13     | Noticed a five-headed hydra
 12190 | D:13     | Reached XP level 11. HP: 66/74 MP: 26/26
 12192 | D:13     | Killed a five-headed hydra
 12196 | D:13     | Noticed a vault guard
 12199 | D:13     | Killed a vault guard
 12200 | D:13     | Noticed a vault guard
 12237 | D:13     | Killed a vault guard
 12237 | D:13     | Reached skill level 12 in Earth Magic
 12237 | D:13     | Killed a vault guard
 12436 | D:13     | Found a gate to the Vaults.
 12452 | D:13     | Noticed a vault guard
 12469 | D:13     | Killed a vault guard
 12906 | D:12     | Got a dazzling cloak
 12912 | D:12     | Identified the +0 cloak of Exclusion {Regen+ Str-5 Int+4}
                  | (You found it on level 12 of the Dungeon)
 13143 | D:12     | Noticed a two-headed ogre
 13146 | D:12     | Noticed an ogre mage
 13150 | D:12     | Killed an ogre mage
 13150 | D:12     | Killed a two-headed ogre
 13150 | D:12     | Noticed a two-headed ogre
 13151 | D:12     | Noticed a two-headed ogre
 13157 | D:12     | Killed a two-headed ogre
 13171 | D:12     | Killed a two-headed ogre
 13381 | D:12     | Reached skill level 13 in Earth Magic
 13604 | D:12     | You fall into a shaft and drop 1 floor!
 13868 | D:12     | Noticed a two-headed ogre
 13873 | D:12     | Killed a two-headed ogre
 13873 | D:12     | Reached XP level 12. HP: 81/81 MP: 25/29
 14714 | D:11     | Reached skill level 10 in Dodging
 14793 | D:11     | Got a vibrating brass amulet
 14801 | D:11     | Identified the amulet "Kausoq" {Harm *Drain MR++ Slay-2}
                  | (You found it on level 11 of the Dungeon)
 15159 | D:11     | Noticed a death knight
 15162 | D:11     | Killed a death knight
 15162 | D:11     | Reached skill level 14 in Earth Magic
 15212 | D:11     | Noticed a centaur warrior
 15218 | D:11     | Killed a centaur warrior
 15867 | D:10     | Found Menaawy's Assorted Antiques.
 15867 | D:10     | Found Gije's Food Shop.
 15868 | D:10     | Found Lebes's General Store.
 15869 | D:10     | Found Sof Sykk's Antique Armour Shop.
 15873 | D:10     | Bought 2 scrolls of identify for 100 gold pieces
 15885 | D:10     | Bought a slimy leather armour for 273 gold pieces
 15896 | D:10     | Identified the +1 leather armour of the Scribe {rElec rC+
                  | Int+4} (You bought it in a shop on level 10 of the Dungeon)
 15899 | D:10     | Bought a potion of heal wounds for 70 gold pieces
 15899 | D:10     | Bought a scroll of teleportation for 42 gold pieces
 15996 | D:10     | Found a staircase to the Orcish Mines.
 16192 | Orc:1    | Entered Level 1 of the Orcish Mines
 16424 | Orc:1    | Noticed an orc warlord
 16436 | Orc:1    | Killed an orc warlord
 16653 | Orc:2    | Entered Level 2 of the Orcish Mines
 16682 | Orc:1    | You fall into a shaft and drop 1 floor!
 16704 | Orc:1    | Reached XP level 13. HP: 76/86 MP: 29/31
 16738 | Orc:1    | Found a roughly hewn altar of Beogh.
 16742 | Orc:1    | Reached skill level 10 in Spellcasting
 17559 | Orc:2    | Found Heasais's Distillery.
 17644 | Orc:2    | Reached skill level 15 in Earth Magic
 18316 | Orc:2    | Found Nuguem's Antique Weapon Shoppe.
 18316 | Orc:2    | Found Pany's Antique Weapon Shop.
 18316 | Orc:2    | Found Baupan's General Store.
 18316 | Orc:2    | Found Xaavawol's Book Emporium.
 18418 | Orc:2    | Bought 2 scrolls of identify for 56 gold pieces
 18418 | Orc:2    | Bought a scroll of teleportation for 42 gold pieces
 18418 | Orc:2    | Bought a scroll of identify for 28 gold pieces
 18418 | Orc:2    | Bought a scroll of teleportation for 42 gold pieces
 18418 | Orc:2    | Bought a scroll of magic mapping for 49 gold pieces
 18420 | Orc:2    | Identified a scroll of acquirement
 18428 | Orc:2    | Bought a book of the Earth for 910 gold pieces
 18439 | Orc:2    | Learned a level 9 spell: Shatter
 19067 | Orc:2    | Reached skill level 16 in Earth Magic
 19264 | Orc:2    | Reached XP level 14. HP: 93/93 MP: 16/33
 19457 | Orc:2    | Found a staircase to the Elven Halls.
 19520 | Orc:2    | Bought a potion of heal wounds for 90 gold pieces
 19520 | Orc:2    | Bought a potion of mutation for 144 gold pieces
 19641 | Lair:1   | Entered Level 1 of the Lair of Beasts
 19793 | Lair:1   | Found a basalt altar of Yredelemnul.
 20922 | Lair:2   | Found a staircase to the Snake Pit.
 21081 | Lair:2   | Reached skill level 17 in Earth Magic
 22541 | Lair:3   | Found a staircase to the Swamp.
 23541 | Lair:4   | You fall into a shaft and drop 2 floors!
 23541 | Lair:6   | Entered Level 6 of the Lair of Beasts
 23913 | Lair:6   | Paralysed by a hornet for 3 turns
 23918 | Lair:6   | Reached skill level 18 in Earth Magic
 25606 | Lair:6   | Reached XP level 15. HP: 99/99 MP: 9/35
 26342 | Lair:6   | Reached skill level 19 in Earth Magic
 26694 | Lair:6   | Found a staircase to the Slime Pits.
 28548 | D:15     | Entered Level 15 of the Dungeon
 29285 | D:15     | Found a staircase to the Depths.
 29394 | D:15     | Reached skill level 20 in Earth Magic
 29732 | Elf:1    | Entered Level 1 of the Elven Halls
 29931 | Elf:1    | Identified Roxanne's Reference Book on Clay
 29931 | Elf:1    | Noticed Roxanne
 29934 | Elf:1    | Killed Roxanne
 30180 | Elf:1    | Found Buhi's Magic Scroll Boutique.
 30189 | Elf:1    | Bought a scroll of blinking for 127 gold pieces
 30189 | Elf:1    | Bought a scroll of identify for 34 gold pieces
 30189 | Elf:1    | Bought a scroll of teleportation for 51 gold pieces
 30189 | Elf:1    | Bought a scroll of identify for 34 gold pieces
 30189 | Elf:1    | Bought a scroll of fear for 59 gold pieces
 30189 | Elf:1    | Bought a scroll of magic mapping for 59 gold pieces
 30260 | Elf:1    | Found a ruined gateway.
 30268 | Elf:1    | Reached XP level 16. HP: 64/105 MP: 19/36
 30283 | Desolati | Entered the Desolation of Salt
 30467 | Desolati | Reached skill level 21 in Earth Magic
 30759 | Desolati | Identified the amulet "Juleesh" {Faith rPois rF+ rC- rN+}
 30845 | Desolati | Got a shimmering arbalest
 30906 | Desolati | Identified the ring of Perfectionism {Fire +Inv}
 31650 | Desolati | Identified the Reference Book on Flames and Transmutation
 31652 | Desolati | Identified the Tome of the Oath
 32423 | Desolati | Reached skill level 22 in Earth Magic
 32957 | Desolati | Found the +3 giant club "Skullcrusher" {speed, Str+7}
 32958 | Desolati | Identified the Collected Works on Calling and Poisoning
 33131 | Elf:1    | Found a gateway to a bazaar.
 33190 | Bazaar   | Entered a bazaar
 33192 | Bazaar   | Found Mauha's Antique Weapon Boutique.
 33196 | Bazaar   | Found Niluk's Food Boutique.
 33196 | Bazaar   | Found Diemi's Armour Boutique.
 33197 | Bazaar   | Found Diets's Book Boutique.
 33212 | Bazaar   | Bought a manual of Armour for 1324 gold pieces
 33212 | Bazaar   | Identified the +8 arbalest "Julonaqo" {penet, rElec rPois
                  | rC+} (You found it in the Desolation of Salt)
 33245 | Elf:1    | Noticed Nikola
 33250 | Elf:1    | Killed Nikola
 33964 | Elf:2    | Found Lyalevumo's Magic Scroll Boutique.
 34137 | Elf:2    | Reached XP level 17. HP: 111/111 MP: 30/37
 34143 | Elf:2    | Noticed a deep elf blademaster
 34483 | Elf:2    | Noticed Saint Roka
 34487 | Elf:1    | Reached skill level 23 in Earth Magic
 34600 | Elf:2    | Bought a scroll of teleportation for 45 gold pieces
 34600 | Elf:2    | Bought a scroll of teleportation for 45 gold pieces
 34681 | Elf:2    | Killed Saint Roka
 34912 | Elf:2    | Found a runed translucent gate.
 34912 | Elf:2    | Found a runed translucent gate.
 35132 | Elf:2    | Found a runed translucent gate.
 35440 | Elf:3    | Entered Level 3 of the Elven Halls
 35476 | Elf:3    | Reached skill level 1 in Armour
 35832 | Elf:3    | Found a shimmering blue altar of Sif Muna.
 35880 | Elf:3    | Shot with an arrow by a deep elf archer

Levels and vault maps discovered:
D:1:      ncdulo_lavacross, layout_loops_cross
D:2:      layout_loops_ring, grunt_temple_overflow_growth_and_decay,
          lemuel_doored_altar
D:3:      layout_loops_corners, lemuel_round_altar
D:4:      layout_layer_cave
D:5:      layout_cave_pods, first_ration, uniq_grinder, uniq_duvessa
D:6:      layout_layer_cave, uniq_sigmund
D:7:      layout_gridville, zin_purify, minmay_temple_entry_statues_fountains,
          eino_tiny_chamber, minmay_puff
D:8:      layout_basic
D:9:      layout_basic, grunt_temple_overflow_lords_of_destruction,
          elyvilon_altar_4, the_bakery
D:10:     layout_rooms, dpeg_lair_monsters, hiddenorc1_lemuel,
          minmay_shop_grid_forest
D:11:     regret_index_combs_of_tragedy, layout_irregular_city
D:12:     layout_stronghold
D:13:     layout_irregular_city, lightli_vaults_fourway_checkpoint
D:14:     layout_basic, hangedman_decor_push
D:15:     grunt_enter_depths_snipers, layout_irregular_city
Lair:1:   layout_roguey, basic_altar, beast_lair_carwin_5
Lair:2:   lemuel_slime, layout_cave_shapes, minmay_snake_entry_guardpost_large
Lair:3:   layout_regular_city, nicolae_swamp_entry_splash_gauntlet
Lair:4:   layout_layer_cave, uniq_snorg
Lair:5:   layout_regular_city
Lair:6:   gammafunk_lair_ancient_temple, layout_cave_shapes,
          minmay_slime_entry_oklob_enclosed, serial_bayou_shore_a
Orc:1:    layout_caves, mines1_david
Orc:2:    st_orc_ogre_mass, layout_diamond_mine, guppyfry_orc_lava_fort
Elf:1:    eino_elf_arrival_shootout, layout_geoelf_grid, serial_shops,
          bzr_entry_gold, shop, portal_desolation_entry_twin_temple,
          minivault_28, grunt_megastairs_5, uniq_roxanne, uniq_nikola
Elf:2:    layout_loops_cross, serial_shops, shop, uniq_saint_roka
Elf:3:    minmay_elf_hall_hex, layout_loops_corners, basic_altar

Skill      XL: |  1  2  3  4  5  6  7  8  9 10 11 12 13 14 15 16 17 |
---------------+----------------------------------------------------+-----
Dodging        | 2 3 4 5 7 8 9 10 11 | 11.4
Earth Magic    | 3 4 5 7 8 10 11 13 14 16 18 20 22 23 | 23.4
Spellcasting   | 2 3 4 5 6 7 8 9 11 | 11.1
Armour         | 2 |  2.9
Stealth        | |  1.7
Transmutations | |  0.8

Action                   |  1- 3 |  4- 6 |  7- 9 | 10-12 | 13-15 | 16-18 || total
-------------------------+-------+-------+-------+-------+-------+-------++-------
Melee: Club              |    86 |       |       |       |       |       ||    86
       Unarmed           |     2 |       |       |       |       |       ||     2
       Dagger            |    28 |   150 |   245 |    91 |       |       ||   514
       Staff             |       |       |       |     2 |    22 |     1 ||    25
Throw: Stone             |       |       |       |     1 |     1 |     1 ||     3
 Cast: Sandblast         |    35 |    38 |   136 |   211 |   235 |    53 ||   708
       Stone Arrow       |       |       |     5 |    89 |   313 |    25 ||   432
       Lee's Rapid Decon |       |       |     4 |    58 |   180 |   124 ||   366
       Petrify           |       |       |     2 |       |    30 |     8 ||    40
       Shatter           |       |       |       |       |       |    39 ||    39
Evoke: Wand              |       |       |     9 |     2 |    28 |    17 ||    56
       Phantom mirror    |       |       |       |       |       |     1 ||     1
  Use: Potion            |     3 |     1 |     1 |     1 |     4 |     4 ||    14
       Scroll            |       |     3 |     6 |     6 |    29 |    13 ||    57
 Stab: Sleeping          |     3 |    12 |     8 |     1 |       |       ||    24
       Distracted        |       |       |       |     1 |       |       ||     1
  Eat: Chunk             |     4 |    10 |    17 |    23 |    25 |     3 ||    82
       Ration            |       |       |     1 |     1 |     5 |    10 ||    17
Armor: Robe              |    30 |    25 |    38 |    33 |       |       ||   126
       Leather armour    |       |       |       |     2 |    52 |    20 ||    74
Dodge: Dodged            |   105 |   109 |   259 |   229 |   280 |    74 ||  1056

Table legend:
 A = Non-vault XP
 B = Vault XP
 C = Vault XP percentage of total XP
 D = Non-vault monster count
 E = Vault monster count
 F = Vault count percentage of total count
                 A         B        C        D         E       F
            +---------+---------+-------+---------+---------+-------
      Total |  134803 |  159481 |  54.2 |     650 |     365 |  36.0
            +---------+---------+-------+---------+---------+-------
        D:1 |      30 |       0 |   0.0 |      15 |       0 |   0.0
        D:2 |      60 |       0 |   0.0 |      21 |       0 |   0.0
        D:3 |     145 |       0 |   0.0 |      32 |       0 |   0.0
        D:4 |     251 |       0 |   0.0 |      16 |       0 |   0.0
        D:5 |     933 |     496 |  34.7 |      23 |       3 |  11.5
        D:6 |     435 |      45 |   9.4 |      18 |       1 |   5.3
        D:7 |     463 |     264 |  36.3 |      16 |       4 |  20.0
        D:8 |    1849 |       0 |   0.0 |      21 |       0 |   0.0
        D:9 |     599 |     281 |  31.9 |      18 |       2 |  10.0
       D:10 |    2409 |    3023 |  55.7 |      30 |      23 |  43.4
       D:11 |    5916 |    5151 |  46.5 |      28 |      43 |  60.6
       D:12 |    7429 |       0 |   0.0 |      33 |       0 |   0.0
       D:13 |    4492 |    5730 |  56.1 |      24 |      11 |  31.4
       D:14 |    9678 |       0 |   0.0 |      31 |       0 |   0.0
       D:15 |   12366 |    2331 |  15.9 |      26 |       3 |  10.3
     Lair:1 |    6319 |    1775 |  21.9 |      32 |       5 |  13.5
     Lair:2 |    5150 |    2019 |  28.2 |      22 |      26 |  54.2
     Lair:3 |    6834 |     824 |  10.8 |      31 |       5 |  13.9
     Lair:4 |    4536 |       0 |   0.0 |      12 |       0 |   0.0
     Lair:5 |    7459 |       0 |   0.0 |      28 |       0 |   0.0
     Lair:6 |   10762 |   13189 |  55.1 |      42 |      30 |  41.7
      Orc:1 |    6384 |     894 |  12.3 |      55 |       1 |   1.8
      Orc:2 |    3646 |   24943 |  87.2 |      17 |      51 |  75.0
      Elf:1 |    9206 |   20622 |  69.1 |      16 |      24 |  60.0
      Elf:2 |   17657 |   26181 |  59.7 |      27 |      36 |  57.1
      Elf:3 |    9795 |       0 |   0.0 |      16 |       0 |   0.0
 Desolation |       0 |   51713 | 100.0 |       0 |      97 | 100.0
            +---------+---------+-------+---------+---------+-------
